 Dungeon Crawl Stone Soup version 0.32-a0-893-gf85d74f360 (webtiles) character file.

Game seed: 9462426767128802657

20733 dialectric the Spear-Bearer (level 12, -3/119 HPs)
             Began as a Troll Fighter on Apr 3, 2024.
             Killed from afar by a fire dragon (50 damage)
             ... with a blast of flame
             ... on level 1 of the Lair of Beasts.
             The game lasted 00:23:52 (10706 turns).

dialectric the Spear-Bearer (Troll Fighter)        Turns: 10706, Time: 00:23:53

Health: -3/119     AC: 15    Str: 39    XL:     12   Next: 48%
Magic:  11/11      EV: 11    Int:  4    God:
Gold:   335        SH: 29    Dex: 17    Spells: 11/11 levels left

rFire   . . .        s - +0 trident (protect)
rCold   . . .        i - +18 shield of the Gong {Loud rN+ Will+ rCorr EV-5}
rNeg    + . .        M - +0 troll leather armour
rPois   .            (helmet restricted)
rElec   .            P - +1 cloak of Starlight {*Dazzle EV+4 Stlth--}
rCorr   +            (gloves unavailable)
SInv    .            (boots unavailable)
Will    +....        N - amulet "Xunueddu" {Acrobat Str+4} Stlth
                     j - +6 ring of strength
HPRegen 1.99/turn    J - +6 ring of dexterity
MPRegen 0.12/turn

%: acrobat
@: under a protective aura
A: large, unfitting armour, claws 3, regeneration 1, shaggy fur 1, tough skin 1
a: no special abilities


You were on level 1 of the Lair of Beasts.
You visited 4 branches of the dungeon, and saw 15 of its levels.

You collected 906 gold pieces.
You spent 571 gold pieces at shops.

Inventory:

Hand Weapons
 s - a +0 trident of protection (weapon)
 v - a +2 heavy flail
 E - the +2 spear of Pride {heavy, rElec rF+++ rC- Int-5}
   (You took it off an orc on level 7 of the Dungeon)

   Int-5:     It affects your intelligence (-5).
   rF+++:     It renders you almost immune to fire.
   rC-:       It makes you vulnerable to cold.
   rElec:     It insulates you from electricity.
 L - a +4 dire flail
Missiles
 q - 3 curare-tipped darts (quivered)
Armour
 b - a +0 robe
 c - a +0 kite shield
 i - the +18 shield of the Gong (worn) {Loud rN+ Will+ rCorr EV-5}
   (You acquired it on level 1 of the Lair of Beasts)

   Loud:      It is deafeningly noisy when blocking attacks.
   EV-5:      It affects your evasion (-5).
   rN+:       It protects you from negative energy.
   Will+:     It increases your willpower.
   rCorr:     It protects you from acid and corrosion.
 p - a +0 cloak
 M - a +0 troll leather armour (worn)
 P - the +1 cloak of Starlight (worn) {*Dazzle EV+4 Stlth--}
   (You bought it in a shop on level 9 of the Dungeon)

   *Dazzle:   It may blind those who miss an attack against the wearer in melee
   combat.
   EV+4:      It affects your evasion (+4).
   Stlth--:   It makes you much less stealthy.
Jewellery
 e - a ring of poison resistance
 j - a +6 ring of strength (left claw)
 r - an amulet of the acrobat
 w - a ring of ice
 J - a +6 ring of dexterity (right claw)
 N - the amulet "Xunueddu" (around neck) {Acrobat Str+4}
   (You found it on level 10 of the Dungeon)

   [amulet of the acrobat]

   Acrobat:   It increases your evasion while moving and waiting.
   Str+4:     It affects your strength (+4).
 R - a ring of wizardry
 T - an amulet of faith
Talismans
 K - a blade talisman
Wands
 k - a wand of warping (6)
 y - a wand of acid (8)
 B - a wand of digging (4)
 C - a wand of flame (20)
 F - a wand of paralysis (13)
 H - a wand of mindburst (8)
 V - a wand of polymorph (4)
Scrolls
 g - 2 scrolls of fog
 l - 3 scrolls of amnesia
 n - 2 scrolls of enchant armour
 t - a scroll of blinking
 u - 2 scrolls of noise {unknown}
 x - a scroll of fear
 z - a scroll of brand weapon {unknown}
 G - a scroll of poison {unknown}
 O - a scroll of teleportation
 U - a scroll of immolation {unknown}
 W - a scroll of identify
Potions
 a - a potion of enlightenment
 d - 3 potions of might
 f - 2 potions of curing
 h - a potion of lignification
 m - 2 potions of attraction
 o - a potion of heal wounds
 D - 2 potions of cancellation
 I - a potion of magic
 Q - a potion of brilliance
 S - a potion of invisibility


   Skills:
 - Level 8.0 Fighting
 - Level 2.2 Maces & Flails
 * Level 9.8 Polearms
 - Level 6.0 Armour
 - Level 8.0 Dodging
 * Level 9.4 Shields


You had 11 spell levels left.
You didn't know any spells.
Your spell library contained the following spells:

 Spells                   Type           Power      Damage    Failure   Level
 Sting                    Conj/Alch      0%         1d3       65%         1
 Cigotuvi's Dreadful Rot  Necr/Alch/Air  0%         N/A       80%         2
 Mercury Vapours          Alch/Air       0%         N/A       80%         2
 Dispel Undead            Necr           0%         3d6       100%        4
 Martyr's Knell           Necr/Summ      0%         N/A       100%        4
 Olgreb's Toxic Radiance  Alch           0%         N/A       100%        4
 Vhi's Electric Charge    Tloc/Air       0%         N/A       100%        4
 Arcjolt                  Conj/Air       0%         1d10      100%        5
 Summon Mana Viper        Hex/Summ       0%         N/A       100%        5
 Dispersal                Tloc           0%         N/A       100%        6
 Gell's Gavotte           Tloc           0%         2d(11-16) 100%        6
 Plasma Beam              Fire/Air       0%         2x1d10    100%        6
 Starburst                Conj/Fire      0%         6d3       100%        6
 Manifold Assault         Tloc           0%         N/A       100%        7
 Monstrous Menagerie      Summ           0%         N/A       100%        7
 Disjunction              Tloc           0%         N/A       100%        8


Dungeon Overview and Level Annotations

Branches:
Dungeon (11/15)            Temple (1/1) D:4            Lair (2/5) D:10
    Orc (1/2) D:11
  Swamp: Lair:2-3    Shoals: Lair:2-3     Snake: Lair:2-3    Spider: Lair:2-3

Altars:
Ashenzari
Cheibriados
Dithmenos
Elyvilon
Fedhas
Gozag
Hepliaklqana
Kikubaaqudgha
Makhleb
Nemelex Xobeh
Okawaru
Qazlal
Ru
Sif Muna
Trog
Uskayaw
Vehumet
Wu Jian
Xom
Yredelemnul
Zin
The Shining One

Shops:
D:2 (   D:3 !   D:9 *

Portals:
Trove: D:11 (give horn of Geryon)

Annotations:
D:10 2 transporters, bigduke15's ghost, journeyman MDFi
Lair:1 exclusion: oklob plant


Innate Abilities, Weirdness & Mutations

You are too large for most types of armour.
You have claws for hands.
Your natural rate of healing is unusually fast.
You are covered in fur. (AC +1)
You have tough skin. (AC +1)


Message History

The blast of flame hits you!!!
You barely miss the fire dragon.
The fire dragon is severely wounded.
You block the fire dragon's attack.
PANG!
The fire dragon barely misses you. You block the fire dragon's attack.
PANG!
You hit the fire dragon but do no damage.
The fire dragon is severely wounded.
You hit the fire dragon.
The fire dragon is severely wounded.
You block the fire dragon's attack.
PANG!
You block the fire dragon's attack.
BONNNG!
The fire dragon barely misses you.
You barely miss the fire dragon.
The fire dragon is severely wounded.
You block the fire dragon's attack.
PANG!
You block the fire dragon's attack.
BONNNG!
The fire dragon tramples you but does no damage.
You barely miss the fire dragon.
The fire dragon is severely wounded.
The fire dragon breathes flames at you. The blast of flame hits you!!
Unknown command.
You barely miss the fire dragon.
The fire dragon is severely wounded.
You block the fire dragon's attack.
PTOANNNG!
The fire dragon barely misses you. You block the fire dragon's attack.
GONNNNG!
Unknown command.
You hit the fire dragon but do no damage.
The fire dragon is severely wounded.
The fire dragon breathes flames at you. The blast of flame hits you!!!
You die...

...........#...........###.......
........##†.#........+.# #.......
........'..##.........## #.......
........#####........## ##.......
~..##..P# ##'###.### #........
♣♣....### #.##### ##.......
~♣P♣.#### #.%#### #####..#
~~~~###.## ##....# ### ###.
.........# ####@.+### #.#####..
........#####..D.....# ##.......
.~......#.†.'........# #..##÷#.
~P........###........#####...ß.ß#
♣...†...### #........'...........
.....>..## ##........P####..#ß.ß#
.........# #.........## #..##...
........## #####.##.## #.......
........# ###..## #....###


You could see a fire dragon (catching breath).

Vanquished Creatures
  A two-headed ogre (D:9)
  A boulder beetle (Lair:1)
  Maurice (D:7)
  Joseph (D:8)
  A cyclops (D:11)
  A black mamba (Lair:1)
  5 elephants (Lair:1)
  5 cane toads
  2 gargoyles
  6 komodo dragons (Lair:1)
  2 trolls (D:10)
  2 blink frogs (Lair:1)
  3 hornets (D:9)
  21 yaks
  2 ynoxinuls (D:10)
  4 wyverns
  A fire bat (D:11)
  5 vampire mosquitoes
  A hell hound (D:11)
  6 water moccasins (Lair:1)
  7 orc warriors
  4 ice beasts
  5 sky beasts
  A black bear (D:6)
  2 ogres
  4 centaurs
  2 phantoms (D:5)
  3 kobold brigands
  13 bullfrogs
  4 scorpions
  10 wights
  11 killer bees
  3 electric eels
  3 bombardier beetles
  2 howler monkeys (D:8)
  5 hounds
  5 jellies
  A gnoll bouda (D:6)
  7 orc priests
  3 sleepcaps
  5 iguanas
  11 orc wizards
  11 gnolls
  13 adders
  A white imp (D:6)
  7 ufetubi
  3 dart slugs
  A ribbon worm (Temple)
  61 orcs
  7 bats
  4 endoplasms
  A giant cockroach (D:2)
  4 goblins
  4 hobgoblins
  3 jackals (D:2)
  2 quokkas (D:3)
  5 ball pythons
  2 frilled lizards
  23 kobolds
  4 rats
338 creatures vanquished.

Vanquished Creatures (others)
  A sky beast (D:11)
  An ufetubus (D:6)
2 creatures vanquished.

Grand Total: 340 creatures vanquished

Notes
Turn   | Place    | Note
-------+----------+-------------------------------------------
     0 | D:1      | dialectric the Troll Fighter began the quest for the Orb.
     0 | D:1      | Reached XP level 1. HP: 22/22 MP: 0/0
   115 | D:1      | Reached XP level 2. HP: 29/29 MP: 1/1
   668 | D:2      | Reached XP level 3. HP: 36/36 MP: 2/2
   689 | D:2      | Found a basalt altar of Yredelemnul.
   854 | D:2      | Found Budanec's Weapon Shop.
  1101 | D:3      | Reached XP level 4. HP: 44/44 MP: 3/3
  1132 | D:3      | Noticed a scorpion
  1142 | D:3      | Killed a scorpion
  1143 | D:3      | Reached XP level 5. HP: 14/53 MP: 4/4
  1414 | D:3      | Reached XP level 6. HP: 22/61 MP: 5/5
  1767 | D:3      | Found Regukhlikk's Distillery.
  1774 | D:3      | Bought a potion of heal wounds for 70 gold pieces
  2166 | D:4      | Reached skill level 5 in Dodging
  2278 | D:4      | Reached XP level 7. HP: 65/70 MP: 6/6
  2427 | D:4      | Found a staircase to the Ecumenical Temple.
  2440 | Temple   | Entered the Ecumenical Temple
  2507 | Temple   | Reached skill level 1 in Polearms
  2507 | Temple   | Reached skill level 1 in Armour
  2702 | D:5      | Entered Level 5 of the Dungeon
  2897 | D:4      | Reached XP level 8. HP: 62/79 MP: 7/7
  2978 | D:5      | Reached skill level 5 in Fighting
  3845 | D:6      | Reached XP level 9. HP: 33/88 MP: 8/8
  4064 | D:7      | Noticed Maurice
  4103 | D:7      | Identified the +2 spear of Pride {heavy, rElec rF+++ rC-
                  | Int-5}
  4328 | D:7      | Something stole a +6 ring of dexterity
  4486 | D:8      | Reached skill level 5 in Shields
  4732 | D:8      | Reached skill level 5 in Polearms
  4877 | D:8      | Reached XP level 10. HP: 96/97 MP: 9/9
  4942 | D:8      | Noticed Joseph
  5103 | D:7      | Maurice stole a blade talisman
  5104 | D:7      | Maurice stole a +2 heavy flail
  5107 | D:7      | Something stole 2 curare-tipped darts
  5114 | D:7      | Something stole 174 gold
  5115 | D:7      | Something stole 129 gold
  5138 | D:7      | Killed Maurice
  5460 | D:8      | Killed Joseph
  5777 | D:9      | Reached skill level 5 in Armour
  5863 | D:9      | Paralysed by a hornet for 1 turns
  6049 | D:9      | Noticed a two-headed ogre
  6426 | D:3      | Bought a potion of curing for 42 gold pieces
  6426 | D:3      | Bought a potion of lignification for 42 gold pieces
  6628 | D:9      | Killed a two-headed ogre
  6756 | D:9      | Reached XP level 11. HP: 87/109 MP: 10/10
  6895 | D:9      | Found Caemyugio's General Store.
  6965 | D:9      | Bought a scroll of enchant armour for 82 gold pieces
  6974 | D:9      | Got Sif Muna's Essays on the Retinue and Bombardment
  7043 | D:10     | Entered Level 10 of the Dungeon
  7088 | D:10     | Found a staircase to the Lair.
  7120 | D:10     | Found a blossoming altar of Fedhas.
  7142 | D:10     | Found a sacrificial altar of Ru.
  7183 | D:10     | Identified the amulet "Xunueddu" {Acrobat Str+4}
  7596 | D:10     | Found a transporter.
  7597 | D:10     | Noticed bigduke15's ghost (journeyman MDFi)
  7599 | D:10     | Found a transporter.
  7599 | D:10     | Noticed an ogre mage
  7742 | D:9      | Bought the +1 cloak of Starlight {*Dazzle EV+4 Stlth--} for
                  | 335 gold pieces
  7742 | D:9      | Found the +1 cloak of Starlight {*Dazzle EV+4 Stlth--}
  8042 | D:11     | Found a portal to a secret trove of treasure.
  8135 | D:11     | Found a shimmering altar of Xom.
  8574 | D:11     | Found a staircase to the Orcish Mines.
  8825 | Orc:1    | Entered Level 1 of the Orcish Mines
  8825 | Orc:1    | Noticed an orc warlord
  8825 | Orc:1    | Noticed an orc sorcerer
  9143 | Orc:1    | Noticed a soul eater
  9282 | Lair:1   | Entered Level 1 of the Lair of Beasts
  9282 | Lair:1   | Noticed a boulder beetle
  9324 | Lair:1   | Killed a boulder beetle
  9500 | Lair:1   | Noticed an oklob plant
  9531 | Lair:1   | Identified a scroll of acquirement
  9532 | Lair:1   | Acquired the +18 shield of the Gong {Loud rN+ Will+ rCorr
                  | EV-5}
  9532 | Lair:1   | Found the +18 shield of the Gong {Loud rN+ Will+ rCorr
                  | EV-5}
 10232 | Lair:1   | Reached XP level 12. HP: 116/119 MP: 11/11
 10667 | Lair:2   | Noticed an eight-headed hydra
 10682 | Lair:1   | an eight-headed hydra changed into a fire dragon
 10682 | Lair:1   | Noticed a fire dragon
 10706 | Lair:1   | Killed from afar by a fire dragon

Illustrated notes

Levels and vault maps discovered:
D:1:      giann_forest_graveyard, layout_loops_ring, minmay_misc_feat_columns,
          st_stairs_14
D:2:      layout_rooms, serial_shops, nicolae_shop_tiny_glass, basic_altar,
          nicolae_twisty_statue_hallways
D:3:      layout_loops_ring, serial_shops, shop
D:4:      layout_cave_pools, minmay_temple_entry_ruins
D:5:      layout_cave_pools
D:6:      layout_basic, serial_park_tiny_2
D:7:      layout_rooms, uniq_maurice
D:8:      layout_basic, hangedman_decor_peaks_small, uniq_joseph
D:9:      layout_rooms, serial_shops, shop
D:10:     layout_irregular_city, jmf_multi_god_temple, lair_entry_dummy,
          gammafunk_ghost_arena, nicolae_fort_ynox
D:11:     layout_gridville, orc_0_dummy, nicolae_trove_entry_free_sample,
          regret_index_xom_of_box
Temple:   nicolae_temple_slightly_damp_pantheon
Lair:1:   layout_roguey, serial_bayou_ford_a, small_statue_intersection,
          grunt_forest_small_clearing_treed
Lair:2:   layout_cave_shapes, grunt_megastairs_5, serial_bayou_shore_b,
          uniq_erica
Orc:1:    layout_diamond_mine, nicolae_volcano_entry_batcave, mines1_david

Skill      XL: |  1  2  3  4  5  6  7  8  9 10 11 12 |
---------------+-------------------------------------+-----
Maces & Flails | 2 |  2.2
Shields        | 3 4 5 6 8 9 |  9.4
Dodging        | 3 4 5 6 7 8 |  8.0
Fighting       | 3 4 5 6 7 8 |  8.0
Polearms       | 2 3 5 6 8 9 |  9.8
Armour         | 2 3 4 5 6 |  6.0

Action                     |  1- 3 |  4- 6 |  7- 9 | 10-12 || total
---------------------------+-------+-------+-------+-------++-------
  Melee: Flail             |   104 |    95 |       |       ||   199
         Trident           |       |   108 |   677 |  1109 ||  1894
  Throw: Dart              |       |       |     1 |     1 ||     2
  Evoke: Wand              |       |       |     1 |    17 ||    18
    Use: Potion            |       |     1 |     4 |     4 ||     9
         Scroll            |       |       |     6 |    12 ||    18
   Stab: Paralysed         |       |       |       |     8 ||     8
         Invisible         |       |       |       |    17 ||    17
 Armour: Robe              |    69 |   150 |   521 |   301 ||  1041
         Troll leather arm |       |       |       |   331 ||   331
  Dodge: Dodged            |    40 |    86 |   379 |   607 ||  1112
  Block: Kite shield       |    62 |    94 |   356 |   969 ||  1481

Table legend: (Time is in decaauts)
 A = Elapsed time spent in this place.
 B = Non-inter-level travel time spent in this place.
 C = Inter-level travel time spent in this place.
 D = Time resting spent in this place.
 E = Time spent auto-exploring this place.
 F = Levels seen in this place.
 G = Mean time per level.
                   A        B        C        D        E       F      G
               +--------+--------+--------+--------+--------+-----+--------+
         Total |  11040 |  10388 |    652 |    666 |   5063 |  15 |  736.0 |
       Dungeon |   9542 |   8913 |    629 |    644 |   4506 |  11 |  867.5 |
        Temple |     82 |     82 |      0 |      0 |      0 |   1 |   82.0 |
          Lair |   1389 |   1366 |     23 |     22 |    557 |   2 |  694.5 |
  Orcish Mines |     26 |     26 |      0 |      0 |      0 |   1 |   26.0 |
               +--------+--------+--------+--------+--------+-----+--------+

Top non-repeatable levels by time:
  Lair:1: 1365 daAuts
     D:8: 1226 daAuts
    D:11: 1213 daAuts
     D:3: 1012 daAuts
     D:9: 963 daAuts
    D:10: 936 daAuts
     D:6: 835 daAuts
     D:5: 812 daAuts
     D:7: 676 daAuts
     D:4: 658 daAuts
     D:2: 613 daAuts
     D:1: 594 daAuts
  Temple: 82 daAuts
   Orc:1: 26 daAuts
  Lair:2: 23 daAuts
